 Dungeon Crawl Stone Soup version bcrawl-1.31 (webtiles) character file.

Game seed: 15607123912407832587

159398 AtilaTheSponge the Firebug (level 6, -7/45 HPs)
             Began as a Draconian Fire Elementalist on Mar 26, 2021.
             Was an Initiate of Vehumet.
             Killed by divine providence
             ... invoked by an orc priest
              (12 damage)
             ... on level 4 of the Dungeon.
             The game lasted 00:20:29 (3655 turns).

AtilaTheSponge the Firebug (DrFE)                   Turns: 3655, Time: 00:20:29

Health: -7/45      AC:  7    Str: 12    XL:     6   Next: 30%
Magic:  1/12       EV: 17    Int: 17    God:    Vehumet [......]
Gold:   267        SH:  0    Dex: 17    Spells: 12/13 levels left

rFire    + . .     SeeInvis +   u - +0 quarterstaff
rCold    x . .     Gourm    .   (shield currently unavailable)
rNeg     . . .     Faith    .   (armour unavailable)
rPois    .         Spirit   .   (helmet restricted)
rElec    .         Reflect  .   (no cloak)
rCorr    .         Harm     .   (no gloves)
MR       .....                  k - +0 pair of boots
Stlth    +++.......             (no amulet)
HPRegen  0.15/turn              r - ring of Upreroco {+Fly Str+2}
MPRegen  0.13/turn              g - ring "Gianifeg" {Fire SInv}

@: agile, very slightly contaminated
A: unfitting armour, cold-blooded, AC +6
a: Renounce Religion, Evoke Flight


You were on level 4 of the Dungeon.
You worshipped Vehumet.
Vehumet was noncommittal.
You were not hungry.

You visited 1 branch of the dungeon, and saw 4 of its levels.

You collected 267 gold pieces.

Inventory:

Hand Weapons
 u - a +0 quarterstaff (weapon)
 w - a +2 mace of crushing
Missiles
 b - 981 stones (quivered)
Armour
 k - a +0 pair of boots (worn)
Magical Staves
 p - an uncursed staff of summoning
Jewellery
 c - an uncursed ring of protection from cold
 g - the ring "Gianifeg" (right hand) {Fire SInv}
   (You found it on level 1 of the Dungeon)

   [ring of fire]

   It enhances your fire magic.
   It protects you from fire.
   It makes you vulnerable to cold.
   It lets you see invisible.
 r - the ring of Upreroco (left hand) {+Fly Str+2}
   (You found it on level 3 of the Dungeon)

   [ring of flight]

   It affects your strength (+2).
   It lets you fly.
Wands
 s - a wand of random effects (6)
Scrolls
 h - 2 scrolls of enchant armour {unknown}
 i - 4 scrolls of identify
 m - a scroll of magic mapping {unknown}
 o - 2 scrolls of blinking {unknown}
 q - a scroll of fear {unknown}
Potions
 a - a potion of agility
 d - a potion of curing {unknown}
 f - a potion of mutation {unknown}
 j - a potion of magic {unknown}
 l - 5 potions of degeneration {unknown}
 n - 3 potions of heal wounds {unknown}
 v - a potion of might {unknown}
Comestibles
 e - 9 rations {!d}
 t - 8 chunks of flesh


   Skills:
 - Level 1.7 Dodging
 - Level 2.0 Stealth
 * Level 4.2 Spellcasting
 * Level 3.6 Conjurations
 + Level 4.4 Fire Magic


You had 12 spell levels left.
You knew the following spells:

 Your Spells              Type           Power        Failure   Level  Hunger
a - Flame Tongue          Conj/Fire      ####.        3%          1    None

Your spell library contained the following spells:

 Spells                   Type           Power        Failure   Level  Hunger
 Conjure Flame            Conj/Fire      ####....     9%          3    ###....
 Flaming Arrows           Chrm/Fire      ###.....     10%         2    None
 Inner Flame              Hex/Fire       N/A          19%         3    ###....
 Sticky Flame             Conj/Fire      ####....     28%         4    #####..
 Fireball                 Conj/Fire      ####......   63%         5    ######.


Dungeon Overview and Level Annotations

Branches:
Dungeon (4/12)
 Temple: D:4-7

Altars:
Ashenzari
Dithmenos
Vehumet
Wu Jian
Yredelemnul


Innate Abilities, Weirdness & Mutations

Your plain brown scales are hard. (AC +6)
You cannot fit into any form of body armour.
You are cold-blooded and may be slowed by cold attacks.


Message History

You kill the leopard gecko!
Vehumet accepts your kill.
Casting: Flame Tongue (safe; 3% risk of failure)
Confirm with . or Enter, or press ? or * to list all spells.
Aiming: Flame Tongue (safe; 3% risk of failure)
Press: ? - help, Shift-Dir - straight line, f - sky beast
Aim: a sky beast (lightly wounded)
You feel a surge of power!
The flame tongue misses the sky beast.
The flame tongue hits the orc but does no damage.
The orc priest mumbles some strange prayers to Beogh against you.
Beogh smites you! The sky beast hits you.
* * * LOW HITPOINT WARNING * * *
The sky beast shocks you.
* * * LOW HITPOINT WARNING * * *
It was a potion of agility.
You feel agile all of a sudden. The sky beast misses you.
The orc priest invokes the aid of Beogh against you.
Beogh smites you!
You die...

#..# #..# #$#..# ...#
###..# #..).#
##.###....######.#.#####
#.....#................
#####..........o..####.
#.#########.### #.# #o#
#.# #Y# #.# #@#
######.#########.#
..(...)...)(.....#
....##.#######...... .#
_...##.# #.##### #.. .#
....##.# #. #.# .#
.....#.# #. ... .#
⌠.._.#.### . #.# .#
.........# #.# .#


You could see a sky beast, an orc priest and an orc.

Vanquished Creatures
  3 orc priests
  A worker ant (D:4)
  3 adders
  8 gnolls
  An ooze (D:1)
  4 worms
  A dart slug (D:1)
  6 leopard geckos
  16 orcs
  2 ball pythons
  A bat (D:1)
  3 giant cockroaches
  6 goblins
  8 hobgoblins
  6 jackals
  5 kobolds
  7 quokkas
  2 frilled lizards (D:3)
  4 rats (D:1)
87 creatures vanquished.

Vanquished Creatures (others)
  A jackal (D:1)
  2 plants (D:3)
3 creatures vanquished.

Grand Total: 90 creatures vanquished

Notes
Turn   | Place    | Note
-------+----------+-------------------------------------------
     0 | D:1      | AtilaTheSponge the Draconian Fire Elementalist began the
                  | quest for the Orb.
     0 | D:1      | Reached XP level 1. HP: 14/14 MP: 3/3
   101 | D:1      | Reached XP level 2. HP: 19/20 MP: 1/5
   443 | D:1      | Got a slimy copper ring
   444 | D:1      | Identified the ring "Gianifeg" {Fire SInv} (You found it on
                  | level 1 of the Dungeon)
   574 | D:1      | Reached XP level 3. HP: 26/26 MP: 4/6
  2031 | D:3      | Reached XP level 4. HP: 33/33 MP: 2/8
  2227 | D:3      | Got a glittering amber ring
  2254 | D:3      | Found a shattered altar of Ashenzari.
  2511 | D:3      | Reached XP level 5. HP: 38/38 MP: 5/9
  3289 | D:4      | Identified the ring of Upreroco {+Fly Str+2} (You found it
                  | on level 3 of the Dungeon)
  3386 | D:4      | Found a shattered altar of Ashenzari.
  3387 | D:4      | Found a radiant altar of Vehumet.
  3389 | D:4      | Found a basalt altar of Yredelemnul.
  3390 | D:4      | Found a shadowy altar of Dithmenos.
  3392 | D:4      | Found an ornate altar of the Wu Jian Council.
  3405 | D:4      | Became a worshipper of Vehumet
  3449 | D:4      | Reached XP level 6. HP: 4/45 MP: 1/12
  3610 | D:4      | Noticed a sky beast
  3655 | D:4      | Killed from afar by an orc priest

Skill      XL: |  1  2  3  4  5 |
---------------+----------------+-----
Conjurations   | 2 3 |  3.6
Spellcasting   | 3 4 |  4.2
Fire Magic     | 4 |  4.4
Dodging        | |  1.7
Stealth        | |  2.0

Action                   |  1- 3 |  4- 6 || total
-------------------------+-------+-------++-------
Melee: Unarmed           |    36 |    21 ||    57
       Tailslap          |     5 |    10 ||    15
       Staff             |       |    29 ||    29
       Quarterstaff      |       |     2 ||     2
 Cast: Flame Tongue      |    66 |   113 ||   179
  Use: Scroll            |     2 |       ||     2
       Potion            |       |     1 ||     1
  Eat: Chunk             |     5 |     9 ||    14
Armor: Skin              |    24 |    18 ||    42
Dodge: Dodged            |    52 |    48 ||   100
